 Dungeon Crawl Stone Soup version 0.14-a0-1844-g8283a67 (webtiles) character file.

460 Mitsuki the Grave Robber (level 6, -1/32 HPs)
             Began as a Deep Elf Necromancer on Jan 11, 2014.
             Slain by an iguana skeleton (9 damage)
             ... on Level 4 of the Dungeon on Jan 12, 2014.
             The game lasted 00:26:39 (4916 turns).

Mitsuki the Grave Robber (Deep Elf Necromancer)     Turns: 4916, Time: 00:26:40

HP  -1/32        AC  3     Str  7      XL: 6   Next: 15%
MP  19/21        EV 13     Int 20      God:
Gold 157         SH  0     Dex 15      Spells:  5 memorised,  3 levels left

rFire  + . .     SeeInvis .     (no weapon)
rCold  x . .     Clarity  .     a - +0 elf robe
rNeg   . . .     Conserve .     (no shield)
rPois  .         rCorr    .     (no helmet)
rElec  .         rRot     .     (no cloak)
SustAb . .       Spirit   .     j - +0 pair of gloves
rMut   .         Warding  .     (no boots)
Saprov . . .     Stasis   .     (no amulet)
                                m - ring of fire
                                (no ring)

@: very slightly contaminated, slightly resistant to hostile enchantments,
fairly stealthy
A: no striking features
a: no special abilities


You were on level 4 of the Dungeon.
You were not hungry.

You visited 1 branch of the dungeon, and saw 4 of its levels.

You collected 157 gold pieces.

Inventory:

Armour
 a - a +0 elven robe (worn)
 j - a +0 pair of gloves (worn)
Comestibles
 c - 3 bread rations
 k - a rotting chunk of adder flesh
Scrolls
 n - a scroll of remove curse
 p - a scroll of blinking
 q - a scroll of enchant weapon II
 r - a scroll of magic mapping {unknown}
Jewellery
 f - an uncursed amulet of guardian spirit
 g - an uncursed ring of teleportation
 m - a ring of fire (right hand)
Potions
 d - a potion of restore abilities {unknown}
 e - a potion of agility {unknown}
 h - a potion of resistance {unknown}
 l - 2 potions of curing {unknown}
 o - a potion of poison {unknown}
Books
 b - a book of Necromancy

   Spells                             Type                      Level
   *Pain                              Necromancy                   1
   Animate Skeleton                   Necromancy                   1
   Lethal Infusion                    Charms/Necromancy            2
   Vampiric Draining                  Necromancy                   3
   *Regeneration                      Charms/Necromancy            3
   *Animate Dead                      Necromancy                   4
   *Control Undead                    Necromancy                   4
 i - a book of Party Tricks

   Spells                             Type                      Level
   Summon Butterflies                 Summoning                    1
   *Apportation                       Translocation                1
   Blink                              Translocation                2
   Alistair's Intoxication            Transmutation/Poison         4
   Tukima's Dance                     Hexes                        5


   Skills:
 - Level 2.4 Dodging
 - Level 2.4 Stealth
 + Level 5.5 Spellcasting
 * Level 7.8 Necromancy


You had 3 spell levels left.
You knew the following spells:

 Your Spells              Type           Power        Failure   Level  Hunger
a - Pain                  Necr           ####         1%          1    None
b - Regeneration          Chrm/Necr      ###.......   10%         3    ##.....
c - Control Undead        Necr           #####.....   6%          4    ####...
d - Animate Dead          Necr           N/A          6%          4    ####...
e - Apportation           Tloc           #.........   14%         1    None


Dungeon Overview and Level Annotations

Branches:
Dungeon (4/16)
 Temple: D:4-7

Altars:
Nemelex Xobeh
Trog

Annotations:
D:3 Zori's ghost, average FoFi


Message History

The iguana skeleton bites you.
Casting: Control Undead
Confirm with . or Enter, or press ? or * to list all spells.
You miscast Regeneration.
You are very lightly contaminated with residual magic.
The world around you seems to dim momentarily.
The iguana skeleton bites you but does no damage.
You hit the iguana skeleton. The iguana skeleton bites you!
You hit the iguana skeleton. The iguana skeleton closely misses you.
You hit the iguana skeleton.
You completely miss the iguana skeleton.
The iguana skeleton bites you.
You hit the iguana skeleton. The iguana skeleton misses you.
You hit the iguana skeleton. The iguana skeleton bites you.
You smell something rotten. (slot k)
You hit the iguana skeleton. The iguana skeleton bites you.
* * * LOW HITPOINT WARNING * * *
You hit the iguana skeleton. You barely miss the iguana skeleton.
The iguana skeleton bites you!
You die...

#....o.# #......#. . #
#........
####..##.###.##........
........................
.........# #)##.#
.........# # #)##.#
.........###.##z##.#
................@..########
...........................
........<.....#..........#
####.###.#....#..........#
#.# #.######..........#
####.###.# #.##.#######
......##.# #.##.#
......##.# #.##.####
......##.######.......#


You could see an iguana skeleton.

Vanquished Creatures
  An ogre (D:4)
  An orc priest (D:3)
  9 adders
  A worm (D:2)
  A giant gecko (D:2)
  An ooze (D:1)
  5 orcs
  10 hobgoblins
  11 jackals
  2 quokkas
  15 bats
  5 giant cockroaches
  4 giant newts
  7 goblins
  7 kobolds
  6 rats
86 creatures vanquished.

Vanquished Creatures (collateral kills)
  4 orcs
  A giant cockroach (D:3)
  A goblin (D:3)
  2 hobgoblins (D:3)
  A rat (D:3)
9 creatures vanquished.

Vanquished Creatures (others)
  An ogre zombie (D:4)
  2 orc zombies (D:3)
  A hobgoblin skeleton (D:3)
  A jackal zombie (D:3)
  A kobold zombie (D:3)
6 creatures vanquished.

Grand Total: 101 creatures vanquished

Notes
Turn   | Place    | Note
--------------------------------------------------------------
     0 | D:1      | Mitsuki, the Deep Elf Necromancer, began the quest for the Orb.
     0 | D:1      | Reached XP level 1. HP: 10/10 MP: 5/5
    52 | D:1      | Reached skill level 5 in Necromancy
   448 | D:1      | Reached XP level 2. HP: 15/15 MP: 6/8
  1612 | D:1      | Reached XP level 3. HP: 19/19 MP: 9/11
  1814 | D:2      | Reached skill level 6 in Necromancy
  2024 | D:2      | Learned a level 3 spell: Regeneration
  2139 | D:2      | Reached XP level 4. HP: 16/24 MP: 6/14
  2236 | D:2      | Found a sparkling altar of Nemelex Xobeh.
  2449 | D:2      | Learned a level 4 spell: Control Undead
  3186 | D:3      | Learned a level 4 spell: Animate Dead
  3317 | D:3      | Reached XP level 5. HP: 19/28 MP: 12/18
  3346 | D:2      | Reached skill level 7 in Necromancy
  3629 | D:3      | Noticed Zori's ghost (average FoFi)
  4183 | D:3      | HP: 1/28 [rat (2)]
  4517 | D:3      | Found a bloodstained altar of Trog.
  4739 | D:4      | Reached skill level 5 in Spellcasting
  4742 | D:4      | Learned a level 1 spell: Apportation
  4752 | D:4      | Noticed an ogre
  4759 | D:4      | Killed an ogre
  4759 | D:4      | Reached XP level 6. HP: 24/32 MP: 15/21
  4916 | D:4      | Slain by an iguana skeleton

Action                   |  1- 3 |  4- 6 || total
-------------------------+-------+-------++-------
Melee: Unarmed           |     9 |   102 ||   111
 Cast: Pain              |    75 |    93 ||   168
       Regeneration      |     1 |     4 ||     5
       Control Undead    |       |    11 ||    11
       Animate Dead      |       |     3 ||     3
  Use: Scroll            |     7 |     5 ||    12
 Stab: Sleeping          |       |     1 ||     1
